PAA
MERCER ISLAND SCREAMING EAGLES @ NORTHVILLE ECLIPSE
08/20/2048
 
TOP OF THE 1ST
Mercer Island Screaming Eagles batting - Pitching for Northville Eclipse : LHP Wilton Rich
Pitching: LHP Wilton Rich
Batting: RHB Jeremy Watson 0-0: Called Strike
0-1: Ball
1-1: SINGLE (Flyball, 34D, EV 85.0 MPH)
Batting: RHB Marcos Villanueva 0-0: DOUBLE (Line Drive, 7LS, EV 108.1 MPH)
Jeremy Watson to third
Runner from 3rd tries for Home, SAFE, no throw by LF
Batting: RHB Emílio Rey 0-0: Ball
1-0: Ball
2-0: Ball
3-0: Base on Balls
Batting: RHB Jorge Gómez 0-0: Ball
1-0: Foul Ball, location: 2F
1-1: Ball
2-1: Called Strike
2-2: TRIPLE (Flyball, 78XD, EV 98.8 MPH)
Marcos Villanueva scores
Emílio Rey scores
Batting: RHB Pepe Melandri 0-0: Ball
1-0: Ball
2-0: Foul Ball, location: 2F
2-1: Foul Ball, location: 2F
2-2: TRIPLE (Line Drive, 78XD, EV 105.6 MPH)
Jorge Gómez scores
Batting: RHB Luis Macazaga 0-0: Foul Ball, location: 2F
0-1: Foul Ball, location: 2F
0-2: SINGLE (Groundball, 6S, EV 68.8 MPH) (infield hit)
Pepe Melandri scores
Batting: LHB Charles Barnes 0-0: Called Strike
0-1: SINGLE (Groundball, 56D, EV 105.0 MPH)
Luis Macazaga to second
Pitching: RHP Bayani Samelo
Batting: SHB Cai-fei Zang 0-0: Ball
1-0: Called Strike
1-1: Foul Ball, location: 2F
1-2: Ball
2-2: Strikes out swinging
Batting: RHB Lorenzo Gallardo 0-0: Ball
1-0: Called Strike
1-1: Ball
2-1: Ball
3-1: Called Strike
3-2: SINGLE (Line Drive, 8LS, EV 86.2 MPH)
Luis Macazaga to third
Charles Barnes to second
Luis Macazaga scores
Charles Barnes to third
Batting: RHB Jeremy Watson 0-0: Called Strike
0-1: Foul Ball, location: 2F
0-2: Ball
1-2: Ball
2-2: Ball
3-2: Fielders Choice at 2nd, 5-4 (Groundball, 56, EV 86.2 MPH)
Charles Barnes scores
Batting: RHB Marcos Villanueva 0-0: Ball
1-0: Ground out 5-3 (Groundball, 56S, EV 89.4 MPH)
Top of the 1st over - 7 runs, 7 hits, 0 errors, 1 left on base; Mercer Island 7 - Northville 0
BOTTOM OF THE 1ST
Northville Eclipse batting - Pitching for Mercer Island Screaming Eagles : LHP Geoffrey Da Costa
Pitching: LHP Geoffrey Da Costa
Batting: RHB Ron Whelan 0-0: Called Strike
0-1: Ground out 5-3 (Groundball, 56, EV 85.0 MPH)
Batting: RHB Bernardo Arredondo 0-0: Ball
1-0: SINGLE (Flyball, 89S, EV 88.8 MPH)
Batting: LHB Étienne Jobe 0-0: Called Strike
0-1: Fly out, F3 (Line Drive, 3, EV 63.8 MPH)
Batting: RHB Ricardo Vásquez 0-0: Called Strike
0-1: Swinging Strike
0-2: Ball
1-2: Strikes out swinging
Bottom of the 1st over - 0 runs, 1 hit, 0 errors, 1 left on base; Mercer Island 7 - Northville 0
TOP OF THE 2ND
Mercer Island Screaming Eagles batting - Pitching for Northville Eclipse : RHP Bayani Samelo
Batting: RHB Emílio Rey 0-0: Foul Ball, location: 2F
0-1: Ball
1-1: Fly out, F6 (Flyball, 6D, EV 85.6 MPH)
Batting: RHB Jorge Gómez 0-0: Called Strike
0-1: Ball
1-1: Foul Ball, location: 2F
1-2: Strikes out swinging
Batting: RHB Pepe Melandri 0-0: Called Strike
0-1: Ground out 4-3 (Groundball, 4, EV 81.2 MPH)
Top of the 2nd over - 0 runs, 0 hits, 0 errors, 0 left on base; Mercer Island 7 - Northville 0
BOTTOM OF THE 2ND
Northville Eclipse batting - Pitching for Mercer Island Screaming Eagles : LHP Geoffrey Da Costa
Batting: SHB Tom Lenehan 0-0: Ball
1-0: Called Strike
1-1: Foul Ball, location: 2F
1-2: Ball
2-2: Strikes out swinging
Batting: RHB Dong Jin 0-0: Ball
1-0: Called Strike
1-1: Foul Ball, location: 2F
1-2: Strikes out looking
Batting: LHB Norberto Pacheco 0-0: Reached on error, E3 (Groundball, 3S, EV 87.5 MPH)
Batting: RHB Manuel Marín 0-0: Ball
1-0: Ball
2-0: Called Strike
2-1: Called Strike
2-2: Strikes out swinging
Bottom of the 2nd over - 0 runs, 0 hits, 1 error, 1 left on base; Mercer Island 7 - Northville 0
TOP OF THE 3RD
Mercer Island Screaming Eagles batting - Pitching for Northville Eclipse : RHP Bayani Samelo
Batting: RHB Luis Macazaga 0-0: Swinging Strike
0-1: Ground out 5-3 (Groundball, 56S, EV 92.5 MPH)
Batting: LHB Charles Barnes 0-0: Ball
1-0: Ball
2-0: Ball
3-0: Called Strike
3-1: Foul Ball, location: 2F
3-2: TRIPLE (Line Drive, 78XD, EV 102.5 MPH)
Batting: SHB Cai-fei Zang 0-0: Ball
1-0: Foul Ball, location: 2F
1-1: Ball
2-1: Called Strike
2-2: Ball
3-2: Base on Balls
Batting: RHB Lorenzo Gallardo 0-0: Called Strike
Cai-fei Zang is caught stealing 2nd base 2-4
0-1: Ball
1-1: Ball
2-1: Foul Ball, location: 2F
2-2: Strikes out swinging
Top of the 3rd over - 0 runs, 1 hit, 0 errors, 1 left on base; Mercer Island 7 - Northville 0
BOTTOM OF THE 3RD
Northville Eclipse batting - Pitching for Mercer Island Screaming Eagles : LHP Geoffrey Da Costa
Batting: RHB Yuk Ye 0-0: Ground out 5-3 (Groundball, 56S, EV 93.1 MPH)
Batting: RHB Ron Whelan 0-0: Ball
1-0: Called Strike
1-1: Ground out 5-3 (Groundball, 56, EV 97.5 MPH)
Batting: RHB Bernardo Arredondo 0-0: Called Strike
0-1: Ball
1-1: Ball
2-1: Foul Ball, location: 2F
2-2: Foul Ball, location: 2F
2-2: Ground out 6-3 (Groundball, 6, EV 84.4 MPH)
Bottom of the 3rd over - 0 runs, 0 hits, 0 errors, 0 left on base; Mercer Island 7 - Northville 0
TOP OF THE 4TH
Mercer Island Screaming Eagles batting - Pitching for Northville Eclipse : RHP Bayani Samelo
Batting: RHB Jeremy Watson 0-0: Foul Ball, location: 2F
0-1: Foul Ball, location: 2F
0-2: Ball
1-2: Ball
2-2: Fly out, F8 (Flyball, 89M, EV 76.9 MPH)
Batting: RHB Marcos Villanueva 0-0: Ball
1-0: Ground out U3 (Groundball, 23, EV 80.0 MPH)
Batting: RHB Emílio Rey 0-0: Ground out 2-3 (Groundball, 2L, EV 67.5 MPH)
Top of the 4th over - 0 runs, 0 hits, 0 errors, 0 left on base; Mercer Island 7 - Northville 0
BOTTOM OF THE 4TH
Northville Eclipse batting - Pitching for Mercer Island Screaming Eagles : LHP Geoffrey Da Costa
Batting: LHB Étienne Jobe 0-0: Ball
1-0: Called Strike
1-1: Ball
2-1: Fly out, F6 (Flyball, 4MD, EV 93.8 MPH)
Batting: RHB Ricardo Vásquez 0-0: Swinging Strike
0-1: Ball
1-1: Foul Ball, location: 2F
1-2: Ball
2-2: Ball
3-2: Strikes out swinging, 2-3 out at first.
Batting: SHB Tom Lenehan 0-0: Ball
1-0: Ball
2-0: Ball
3-0: Called Strike
3-1: Called Strike
3-2: Fly out, F8 (Line Drive, 8RM, EV 92.5 MPH)
Bottom of the 4th over - 0 runs, 0 hits, 0 errors, 0 left on base; Mercer Island 7 - Northville 0
TOP OF THE 5TH
Mercer Island Screaming Eagles batting - Pitching for Northville Eclipse : RHP Bayani Samelo
Batting: RHB Jorge Gómez 0-0: Ball
1-0: Ball
2-0: Foul Ball, location: 2F
2-1: Swinging Strike
2-2: Strikes out swinging
Batting: RHB Pepe Melandri 0-0: Called Strike
0-1: Ball
1-1: SINGLE (Flyball, 9LS, EV 100.0 MPH)
Batting: RHB Luis Macazaga 0-0: Ball
1-0: Foul Ball, location: 2F
1-1: Ball
2-1: Called Strike
2-2: Ball
3-2: Foul Ball, location: 2F
3-2: Base on Balls
Pepe Melandri to second
Batting: LHB Charles Barnes 0-0: Ball
1-0: Ball
2-0: Ball
3-0: Called Strike
3-1: Foul Ball, location: 2F
3-2: Fielders Choice at 2nd, 6-4 (Groundball, 56, EV 90.6 MPH)
Pepe Melandri to third
Batting: SHB Cai-fei Zang 0-0: Fly out, F7 (Flyball, 78D, EV 95.0 MPH)
Top of the 5th over - 0 runs, 1 hit, 0 errors, 2 left on base; Mercer Island 7 - Northville 0
BOTTOM OF THE 5TH
Northville Eclipse batting - Pitching for Mercer Island Screaming Eagles : LHP Geoffrey Da Costa
Batting: RHB Dong Jin 0-0: Called Strike
0-1: Ball
1-1: Swinging Strike
1-2: Foul Ball, location: 2F
1-2: Foul Ball, location: 2F
1-2: Strikes out looking
Batting: LHB Norberto Pacheco 0-0: Called Strike
0-1: SINGLE (Flyball, 89S, EV 97.5 MPH)
Batting: RHB Manuel Marín 0-0: Ball
1-0: Ball
2-0: Fly out, F7 (Line Drive, 7D, EV 84.4 MPH)
Batting: RHB Yuk Ye 0-0: Foul Ball, location: 2F
0-1: SINGLE (Groundball, 13S, EV 70.6 MPH) (infield hit)
Norberto Pacheco to second
Batting: RHB Ron Whelan 0-0: Foul Ball, location: 2F
0-1: Fielders Choice at 2nd, 6-4 (Groundball, 6, EV 78.1 MPH)
Bottom of the 5th over - 0 runs, 2 hits, 0 errors, 2 left on base; Mercer Island 7 - Northville 0
TOP OF THE 6TH
Mercer Island Screaming Eagles batting - Pitching for Northville Eclipse : RHP Bayani Samelo
Pitching: RHP Doug Brown
Batting: RHB Lorenzo Gallardo 0-0: Foul Ball, location: 2F
0-1: Ball
1-1: Swinging Strike
1-2: Foul Ball, location: 2F
1-2: Ground out 4-3 (Groundball, 34, EV 86.2 MPH)
Batting: RHB Jeremy Watson 0-0: Ball
1-0: Ball
2-0: Swinging Strike
2-1: Foul Ball, location: 2F
2-2: Strikes out swinging
Batting: RHB Marcos Villanueva 0-0: Ball
1-0: Swinging Strike
1-1: Swinging Strike
1-2: Ball
2-2: Ball
3-2: Strikes out swinging
Top of the 6th over - 0 runs, 0 hits, 0 errors, 0 left on base; Mercer Island 7 - Northville 0
BOTTOM OF THE 6TH
Northville Eclipse batting - Pitching for Mercer Island Screaming Eagles : LHP Geoffrey Da Costa
Batting: RHB Bernardo Arredondo 0-0: Foul Ball, location: 2F
0-1: Ball
1-1: Ground out 6-3 (Groundball, 6, EV 91.2 MPH)
Batting: LHB Étienne Jobe 0-0: Called Strike
0-1: Ball
1-1: Ground out 4-3 (Groundball, 4MD, EV 103.8 MPH)
Batting: RHB Ricardo Vásquez 0-0: Ball
1-0: Ball
2-0: Ball
3-0: Base on Balls
Batting: SHB Tom Lenehan 0-0: Called Strike
0-1: Ball
1-1: Ball
2-1: Foul Ball, location: 2F
2-2: Fly out, F9 (Flyball, 9, EV 94.4 MPH)
Bottom of the 6th over - 0 runs, 0 hits, 0 errors, 1 left on base; Mercer Island 7 - Northville 0
TOP OF THE 7TH
Mercer Island Screaming Eagles batting - Pitching for Northville Eclipse : RHP Doug Brown
Batting: RHB Emílio Rey 0-0: Swinging Strike
0-1: Ball
1-1: Called Strike
1-2: Strikes out looking
Batting: RHB Jorge Gómez 0-0: Swinging Strike
0-1: Foul Ball, location: 2F
0-2: Ball
1-2: Foul Ball, location: 2F
1-2: SINGLE (Groundball, 56D, EV 95.6 MPH)
Batting: RHB Pepe Melandri 0-0: Ball
Jorge Gómez is caught stealing 2nd base 2-4
1-0: Ball
2-0: Foul Ball, location: 2F
2-1: Ground out 4-3 (Groundball, 4, EV 83.1 MPH)
Top of the 7th over - 0 runs, 1 hit, 0 errors, 0 left on base; Mercer Island 7 - Northville 0
BOTTOM OF THE 7TH
Northville Eclipse batting - Pitching for Mercer Island Screaming Eagles : LHP Geoffrey Da Costa
Batting: RHB Dong Jin 0-0: Ball
1-0: Ball
2-0: Ground out 6-3 (Groundball, P, EV 90.6 MPH)
Batting: LHB Norberto Pacheco 0-0: Ball
1-0: Called Strike
1-1: Ball
2-1: Swinging Strike
2-2: Strikes out swinging
Batting: RHB Manuel Marín 0-0: Foul Ball, location: 2F
0-1: Ground out 1-3 (Groundball, 34S, EV 65.6 MPH)
Bottom of the 7th over - 0 runs, 0 hits, 0 errors, 0 left on base; Mercer Island 7 - Northville 0
TOP OF THE 8TH
Mercer Island Screaming Eagles batting - Pitching for Northville Eclipse : RHP Doug Brown
Batting: RHB Luis Macazaga 0-0: Ball
1-0: Foul Ball, location: 2F
1-1: Swinging Strike
1-2: Foul Ball, location: 2F
1-2: Ground out 6-3 (Groundball, 6, EV 93.1 MPH)
Batting: LHB Charles Barnes 0-0: Called Strike
0-1: Fly out, F9 (Flyball, 89M, EV 90.0 MPH)
Batting: SHB Cai-fei Zang 0-0: Ball
1-0: Ball
2-0: Called Strike
2-1: SINGLE (Line Drive, 4D, EV 93.8 MPH)
Batting: RHB Lorenzo Gallardo 0-0: Called Strike
0-1: Fly out, F8 (Line Drive, 8RM, EV 93.1 MPH)
Top of the 8th over - 0 runs, 1 hit, 0 errors, 1 left on base; Mercer Island 7 - Northville 0
BOTTOM OF THE 8TH
Northville Eclipse batting - Pitching for Mercer Island Screaming Eagles : LHP Geoffrey Da Costa
Pitching: RHP Alan Gonzáles
Batting: RHB Yuk Ye 0-0: Foul Ball, location: 2F
0-1: Ball
1-1: Ball
2-1: Swinging Strike
2-2: DOUBLE (Line Drive, 9LM, EV 90.6 MPH)
Batting: RHB Ron Whelan 0-0: Ball
1-0: Swinging Strike
1-1: Ball
2-1: Swinging Strike
2-2: Foul Ball, location: 2F
2-2: Strikes out looking
Batting: RHB Bernardo Arredondo 0-0: Ball
1-0: SINGLE (Flyball, 9LM, EV 103.1 MPH)
Yuk Ye to third
Batting: LHB Étienne Jobe 0-0: Ball
1-0: Fly out, F8 (Flyball, 89XD, EV 103.1 MPH)
Runner from 3rd tags up, SCORES, no throw by CF
Batting: RHB Ricardo Vásquez 0-0: Ball
1-0: Called Strike
1-1: Foul Ball, location: 2F
1-2: Ball
2-2: Foul Ball, location: 2F
2-2: 2-RUN HOME RUN (Flyball, 7LD, EV 95.6 MPH), Distance : 343 ft
Pitching: RHP Jalo Lappi
Batting: SHB Tom Lenehan 0-0: Ball
1-0: Ball
2-0: Called Strike
2-1: Fly out, F9 (Line Drive, 9D, EV 103.1 MPH)
Bottom of the 8th over - 3 runs, 3 hits, 0 errors, 0 left on base; Mercer Island 7 - Northville 3
TOP OF THE 9TH
Mercer Island Screaming Eagles batting - Pitching for Northville Eclipse : RHP Doug Brown
Pitching: LHP Mike Rhodes
Batting: RHB Jeremy Watson 0-0: Called Strike
0-1: Ball
1-1: Fly out, F5 (Popup, 25, EV 83.8 MPH)
Batting: RHB Marcos Villanueva 0-0: Ball
1-0: Ball
2-0: Called Strike
2-1: Called Strike
2-2: Strikes out swinging
Batting: RHB Emílio Rey 0-0: Ball
1-0: Foul Ball, location: 2F
1-1: Foul Ball, location: 2F
1-2: Ground out 4-3 (Groundball, 4D, EV 100.0 MPH)
Top of the 9th over - 0 runs, 0 hits, 0 errors, 0 left on base; Mercer Island 7 - Northville 3
BOTTOM OF THE 9TH
Northville Eclipse batting - Pitching for Mercer Island Screaming Eagles : RHP Jalo Lappi
Batting: RHB Dong Jin 0-0: Fly out, F8 (Flyball, 78D, EV 98.8 MPH)
Batting: LHB Norberto Pacheco 0-0: Ball
1-0: Ball
2-0: Ball
3-0: Base on Balls
Batting: RHB Manuel Marín 0-0: Called Strike
0-1: Ball
1-1: Ball
2-1: Foul Ball, location: 2F
2-2: Grounds into double play, 4-6-3 (Groundball, 34, EV 93.1 MPH)
Bottom of the 9th over - 0 runs, 0 hits, 0 errors, 0 left on base; Mercer Island 7 - Northville 3
Monday, October 31st , 2022 - OOTP Baseball 22.12 Build 89